 Dungeon Crawl Stone Soup version 0.31-a0-1161-g593ecc88b7 (webtiles) character file.

Game seed: 11451670750412229277

72 magipi the Chopper (level 4, -1/36 HPs)
             Began as a Meteoran Gladiator on Dec 8, 2023.
             Killed by nerve-wracking pain
             ... invoked by Jessica
              (11 damage)
             ... on level 3 of the Dungeon.
             The game lasted 00:05:35 (957 turns).

magipi the Chopper (Meteoran Gladiator)              Turns: 957, Time: 00:05:36

Health: -1/36      AC: 10    Str: 17    XL:     4   Next: 77%
Magic:  5/5        EV:  8    Int: 10    God:
Gold:   88         SH:  0    Dex: 15    Spells: 3/3 levels left

rFire   . . .        a - +0 war axe
rCold   . . .        (no shield)
rNeg    . . .        q - +0 chain mail
rPois   .            c - +0 helmet
rElec   .            k - scarf {repulsion}
rCorr   .            n - +0 pair of gloves
SInv    .            (no boots)
Will    .....        (no amulet) Stlth
                     (no ring)
HPRegen 0.26/turn    (no ring)
MPRegen 0.09/turn

%: repel missiles
@: glowing
A: sense surroundings 1, otherworldly, glowing, explore regen
a: no special abilities


You were on level 3 of the Dungeon.
You visited 1 branch of the dungeon, and saw 3 of its levels.

You collected 148 gold pieces.
You spent 60 gold pieces at shops.

Inventory:

Hand Weapons
 a - a +0 war axe (weapon)
Missiles
 d - a throwing net (quivered)
 e - a javelin
Armour
 c - a +0 helmet (worn)
 k - a scarf of repulsion (worn)
   (You found it on level 1 of the Dungeon)
 n - a +0 pair of gloves (worn)
   (You found it on level 2 of the Dungeon)
 q - a +0 chain mail (worn)
   (You found it on level 3 of the Dungeon)
Jewellery
 s - a ring of ice
   (You found it on level 3 of the Dungeon)
Scrolls
 b - a scroll of revelation {unknown}
 h - 4 scrolls of blinking {unknown}
 i - 2 scrolls of identify
 j - a scroll of enchant armour {unknown}
 o - a scroll of teleportation
 p - a scroll of acquirement {unknown}
 r - a scroll of fog {unknown}
Potions
 f - 4 potions of curing {unknown}
 g - a potion of ambrosia {unknown}
 l - a potion of magic {unknown}
 m - 2 potions of enlightenment {unknown}
 t - a potion of lignification {unknown}


   Skills:
 - Level 2.1 Fighting
 * Level 5.3 Axes
 + Level 3.6 Throwing
 - Level 3.2 Dodging


You had 3 spell levels left.
You didn't know any spells.
Your spell library contained the following spells:

 Spells                   Type           Power      Damage    Failure   Level
 Gell's Gravitas          Tloc           0%         N/A       100%        3
 Teleport Other           Tloc           0%         N/A       100%        3
 Alistair's Intoxication  Tmut/Pois      0%         N/A       100%        5
 Borgnjor's Vile Clutch   Necr/Erth      0%         N/A       100%        5
 Dispersal                Tloc           0%         N/A       100%        6
 Eringya's Noxious Bog    Tmut/Pois      0%         4d6       100%        6


Dungeon Overview and Level Annotations

Branches:
Dungeon (3/15) Zot: 811

Altars:
Cheibriados

Shops:
D:2 ?

Annotations:
D:3 Jessica


Innate Abilities, Weirdness & Mutations

You passively map a small area around you.
You are easily found by Zot.
You glow in the dark.
You regain HP and MP as you explore.


Message History

You barely miss the bat. The bat hits you but does no damage.
The bat barely misses you.
Unknown command.
Unknown command.
You closely miss the bat. The bat hits you but does no damage.
The bat completely misses you.
Unknown command.
You closely miss the bat. You hit the goblin.
You kill the goblin!
The bat hits you but does no damage.
Unknown command.
The bat closely misses you.
Items here: )) ††.
Unknown command.
You slash the bat!
You kill the bat!
Unknown command.
No target in view!
Unknown command.
No target in view!
Unknown command.
No target in view!
Things that are here:
a +0 flail; an orc corpse You see here an adder corpse.
An adder comes into view.
Found a snail-covered altar of Cheibriados.
Found a murky purple potion.
Found 16 gold pieces.
You closely miss the adder. The adder bites you but does no damage.
You miss the adder.
The adder bites you but does no damage. x2
You closely miss the adder. The adder bites you but does no damage.
You completely miss the adder. The adder bites you.
The adder bites you but does no damage.
You miss the adder. The adder closely misses you.
You barely miss the adder. The adder bites you.
You are poisoned.
The adder poisons you! The adder bites you but does no damage.
You barely miss the adder.
You feel sick. The adder barely misses you. The adder bites you.
You barely miss the adder.
You feel sick. The adder bites you but does no damage.
You hit the adder.
The adder is moderately wounded.
You feel sick. The adder barely misses you.
The adder bites you but does no damage.
You hit the adder.
The adder is severely wounded.
You feel sick.
You are no longer poisoned.
The adder closely misses you.
You barely miss the adder.
The adder is severely wounded.
The adder barely misses you. The adder bites you but does no damage.
You slash the adder!
You kill the adder!
No target in view!
No target in view!
t - a murky purple potion You now have 88 gold pieces (gained 16).
Jessica the Apprentice Sorceress comes into view.
She is wielding a +0 club and carrying a wand of flame.
Jessica casts a spell.
Jessica blinks!
You closely miss Jessica. Jessica hits you but does no damage.
You hit Jessica.
Jessica is moderately wounded.
Jessica gestures at you while chanting. Pain shoots through your body!
Jessica zaps a wand.
The puff of flame hits you!
You hit Jessica.
Jessica is heavily wounded.
Jessica barely misses you.
You barely miss Jessica.
Jessica is heavily wounded.
Jessica hits you but does no damage.
You closely miss Jessica.
Jessica is heavily wounded.
Jessica zaps a wand.
The puff of flame hits you.
* * * LOW HITPOINT WARNING * * *
You hit Jessica.
Jessica is severely wounded.
Jessica hits you but does no damage.
Unknown command.
Throw: 3 throwing nets
Press: ? - help, Q - select action, (/) - cycle Shift-Dir - straight line, f - Jessica
Aim: Jessica, wielding a +0 club, wearing a +0 robe and carrying a wand of flame (severely wounded, 57% to hit)
You throw a throwing net.
The throwing net completely misses Jessica.
Jessica hits you but does no damage.
Throw: 2 throwing nets
Press: ? - help, Q - select action, (/) - cycle Shift-Dir - straight line, f/p - Jessica
Aim: Jessica, wielding a +0 club, wearing a +0 robe and carrying a wand of flame (severely wounded, 57% to hit)
You throw a throwing net. The throwing net hits Jessica.
Jessica is caught in the net!
Jessica is severely wounded.
Jessica struggles against the net.
You completely miss Jessica.
Jessica is severely wounded.
Jessica points at you and mumbles some strange words.
Pain shoots through your body!
You die...

, ** ############ ,
#######..........#
#####................#
.....................#
†....................#
)....................#
................@....#
.................@...#
......†..............#
......#####..........#
#....## #.........(#
.....# #..........#
.....# #..........#
P....# #..........#
P._..# ,


You could see Jessica (caught).

Vanquished Creatures
  2 adders (D:3)
  2 worms (D:2)
  2 orcs (D:3)
  2 bats
  5 endoplasms
  2 giant cockroaches
  5 goblins
  4 hobgoblins
  4 quokkas
  4 ball pythons
  6 frilled lizards
  4 kobolds (D:1)
  3 rats
45 creatures vanquished.

Notes
Turn   | Place    | Note
-------+----------+-------------------------------------------
     0 | D:1      | magipi the Meteoran Gladiator began the quest for the Orb.
     0 | D:1      | Reached XP level 1. HP: 17/17 MP: 2/2
    51 | D:1      | Reached XP level 2. HP: 21/24 MP: 3/3
    52 | D:1      | Reached skill level 4 in Axes
   171 | D:1      | Reached XP level 3. HP: 29/29 MP: 4/4
   630 | D:2      | Found Zeffast's Magic Scroll Shoppe.
   639 | D:2      | Reached XP level 4. HP: 25/36 MP: 5/5
   644 | D:2      | Bought a scroll of identify for 24 gold pieces
   644 | D:2      | Bought a scroll of teleportation for 36 gold pieces
   862 | D:3      | Reached skill level 5 in Axes
   921 | D:3      | Found a snail-covered altar of Cheibriados.
   948 | D:3      | Noticed Jessica
   957 | D:3      | Killed from afar by Jessica

Illustrated notes

Levels and vault maps discovered:
D:1:      eino_arrival_water_cross, layout_rooms, kennysheep_decorative_pillar
D:2:      layout_loops_corners, serial_shops, shop, nicolae_wormholes
D:3:      cheibrodos_fertilizer, layout_basic, mainiacjoe_overflow_chevrons,
          hangedman_abyss_or_decor_stabs, uniq_jessica

Skill      XL: |  1  2  3  4 |
---------------+-------------+-----
Axes           | 4 5 |  5.3
Throwing       | 3 |  3.6
Fighting       | |  2.1
Dodging        | |  3.2

Action                     |  1- 3 |  4- 6 || total
---------------------------+-------+-------++-------
  Melee: War axe           |    73 |    43 ||   116
  Throw: Throwing net      |       |     2 ||     2
 Armour: Scale mail        |    44 |     5 ||    49
         Chain mail        |       |    33 ||    33
  Dodge: Dodged            |    39 |    18 ||    57

Table legend: (Time is in decaauts)
 A = Elapsed time spent in this place.
 B = Non-inter-level travel time spent in this place.
 C = Inter-level travel time spent in this place.
 D = Time resting spent in this place.
 E = Time spent auto-exploring this place.
 F = Levels seen in this place.
 G = Mean time per level.
                   A        B        C        D        E       F      G
               +--------+--------+--------+--------+--------+-----+--------+
         Total |    987 |    987 |      0 |      0 |      0 |   3 |  329.0 |
       Dungeon |    987 |    987 |      0 |      0 |      0 |   3 |  329.0 |
               +--------+--------+--------+--------+--------+-----+--------+

Top non-repeatable levels by time:
     D:2: 407 daAuts
     D:1: 327 daAuts
     D:3: 252 daAuts

Action                     |  1- 3 |  4- 6 || total
---------------------------+-------+-------++-------
  Melee: War axe           |    73 |    43 ||   116
  Throw: Throwing net      |       |     2 ||     2
 Armour: Scale mail        |    44 |     5 ||    49
         Chain mail        |       |    33 ||    33
  Dodge: Dodged            |    39 |    18 ||    57
